 Dungeon Crawl Stone Soup version 0.25.0-9-g26727b657a (webtiles) character file.

Game seed: 17405581197398920996

319302 HoaS the Executioner (level 20, -1/204 HPs)
             Began as a Minotaur Berserker on June 21, 2020.
             Was the Champion of Trog.
             Killed by divine providence
             ... invoked by a sphinx
              (10 damage)
             ... on level 2 of the Depths.
             The game lasted 01:53:10 (37273 turns).

HoaS the Executioner (Minotaur Berserker)          Turns: 37273, Time: 01:53:10

Health: -1/204     AC: 46    Str: 29    XL:     20   Next: 59%
Magic:  19/19      EV: 17    Int:  4    God:    Trog [******]
Gold:   1372       SH:  0    Dex: 18    Spells: 19/19 levels left

rFire    . . .     SeeInvis .   V - +8 frozen axe "Frostbite" {freezing cloud, *Noise +Fly rC+}
rCold    + + .     Gourm    .   (shield currently unavailable)
rNeg     . . .     Faith    .   b - +3 crystal plate armour
rPois    .         Spirit   .   I - +0 hat of the Realm of Zot {rElec rCorr}
rElec    +         Reflect  .   F - +2 cloak of Remeob {Dex+6}
rCorr    +         Harm     .   w - +2 pair of gloves
MR       +....                  x - +0 pair of boots of Entitlement {rC+ rCorr} (curse)
Stlth    ..........             B - amulet of the acrobat
HPRegen  0.44/turn              s - +4 ring of slaying
MPRegen  0.16/turn              C - ring of Robustness {AC+8}

@: no status effects
A: retaliatory headbutt, horns 2
}: 2/15 runes: serpentine, barnacled
a: Berserk, Trog's Hand, Brothers in Arms, Renounce Religion, Evoke Flight


You were on level 2 of the Depths.
You worshipped Trog.
Trog was exalted by your worship.
You were not hungry.

You visited 7 branches of the dungeon, and saw 35 of its levels.
You visited 1 bazaar.
You also visited: Trove, Ossuary, Bailey and Gauntlet.

You collected 5324 gold pieces.
You spent 3952 gold pieces at shops.

Inventory:

Hand Weapons
 V - the +8 frozen axe "Frostbite" (weapon) {freezing cloud, *Noise +Fly rC+}
   (You found it in a bailey)

   It has been specially enchanted to freeze those struck by it, causing extra
   injury to most foes and up to half again as much damage against particularly
   susceptible opponents.
   It can also slow down cold-blooded creatures.
   It protects you from cold.
   It lets you fly.
   It may make noises in combat.
 W - the +10 morningstar "Eos" {elec, Halo rElec}
   (You found it in a bailey)

   Occasionally, upon striking a foe, it will discharge some electrical energy
   and cause terrible harm.
   It insulates you from electricity.
Armour
 b - a +3 crystal plate armour (worn)
 w - a +2 pair of gloves (worn)
 x - the cursed +0 pair of boots of Entitlement (worn) {rC+ rCorr}
   (You bought it in a shop on level 1 of the Snake Pit)

   It protects you from cold.
   It provides partial protection from all sources of acid and corrosion.
   It has a curse placed upon it.
 F - the +2 cloak of Remeob (worn) {Dex+6}
   (You found it on level 9 of the Dungeon)

   It affects your dexterity (+6).
 I - the +0 hat of the Realm of Zot (worn) {rElec rCorr}
   (You found it in a Gauntlet)

   It insulates you from electricity.
   It provides partial protection from all sources of acid and corrosion.
Jewellery
 f - an uncursed ring of resist corrosion
 j - an uncursed ring of flight
 m - an uncursed ring of protection from magic
 n - a +4 ring of evasion
 o - an uncursed ring of fire
 s - a +4 ring of slaying (left hand)
 y - the ring of Orabrad {rPois Str+7}
   (You found it in a Gauntlet)

   [ring of poison resistance]

   It affects your strength (+7).
   It protects you from poison.
 B - an amulet of the acrobat (around neck)
 C - the ring of Robustness (right hand) {AC+8}
   (You bought it in a shop on level 2 of the Orcish Mines)

   [ring of protection]

   It affects your AC (+8).
 N - an uncursed ring of see invisible
Wands
 l - a wand of iceblast (7)
 t - a wand of flame (59)
 v - a wand of random effects (75)
 A - a wand of acid (32)
 D - a wand of digging (20)
 H - a wand of disintegration (27)
 M - a wand of paralysis (41)
 Q - a wand of polymorph (24)
Scrolls
 d - 27 scrolls of remove curse
 e - 8 scrolls of blinking
 k - 16 scrolls of teleportation
 p - 18 scrolls of identify
 E - 15 scrolls of fog
 O - a scroll of fear
 X - 3 scrolls of enchant weapon
Potions
 a - 4 potions of berserk rage
 g - 7 potions of mutation
 h - 3 potions of invisibility
 i - 7 potions of heal wounds
 q - 3 potions of flight
 r - 2 potions of curing
 u - 6 potions of resistance
 z - 9 potions of haste
 K - 5 potions of lignification
 R - 2 potions of cancellation
 Y - 4 potions of might
Comestibles
 c - 46 rations
 J - 10 chunks of flesh


   Skills:
 * Level 23.3 Fighting
 * Level 25.7 Axes
 + Level 18.2 Armour
 + Level 17.4 Dodging


You had 19 spell levels left.
You didn't know any spells.
Your spell library was empty.

Dungeon Overview and Level Annotations

Branches:
Dungeon (15/15)            Temple (0/1) D:7            Lair (6/6) D:9
 Shoals (4/4) Lair:2        Snake (4/4) Lair:3        Slime (0/5) Lair:6
    Orc (2/2) D:11            Elf (2/3) Orc:2        Vaults (0/5) D:13
 Depths (2/5) D:15        Ossuary (visited)          Bailey (visited)
Gauntlet (visited)

Altars:
Dithmenos
Fedhas
Gozag
Hepliaklqana
Nemelex Xobeh
Okawaru
Qazlal
Vehumet
Wu Jian
Xom
Yredelemnul
Zin
Beogh

Shops:
D:8 !   D:9 [   D:13 :   Orc:2 !*%=   Elf:1 *   Shoals:3 *   Shoals:4 *
Snake:1 *   Snake:2 (   Snake:3 [   Depths:1 (

Portals:
Pandemonium: Depths:2


Innate Abilities, Weirdness & Mutations

You reflexively headbutt those who attack you in melee.
You have a pair of horns on your head.


Message History

The stone giant throws a large rock.
The large rock hits you!
* * * LOW HITPOINT WARNING * * *
The deep troll earth mage misses you. You furiously retaliate!
You headbutt the deep troll earth mage!
You kill the deep troll earth mage!
Trog accepts your kill.
Trog appreciates your killing of a magic user.
The troll leather armour is intact enough to wear.
The sphinx casts a spell.
You resist with significant effort.
You see here a large rock.
An ogre mage comes into view.
The stone giant throws a large rock.
The large rock completely misses you.
There is a stone staircase leading up here.
The frost giant casts a spell at you. The bolt of cold hits you! You resist.
* * * LOW HITPOINT WARNING * * *
The sphinx mumbles some strange words.
Something smites you!
You die...

*,**,,******,,,,*,,**,,,,*,,,*,*
*,***,*####......>,**,,,*,***,,*
*,,,,,,..........#**,*,*,*,**,*,
*,,,,##++.#......#**,*,,,**,*,*,
*,,,##.....#.....#*,**,*,***,,,*
*,,##.......#....#*,*,,**,,,,,**
*,,#.............#,*.#,*,,**,*,*
*,,+........'....#..#..,**,,***,
*,,+...∩((..'C(@..O..#,***,,****
*,,#..........[.(8..COO,,,,,,,,,
*,,##......##H#......#.***,,****
*,,,##$...##..#..#..#..,**,,***,
*,,,,##++##...##.#.#.#.*,,**,*,*
**,,,,,,,......,.#*.*R.**,,,,,**
*****,,......#*..*,#*.*,***,,,*
*,,...####*.[#*,*,,,**,*,*,
*,,,,,+,,,,,,,*,*,*,*,**,*,


You could see a frost giant, a sphinx, a stone giant, a rakshasa, 2 two-headed
ogres and an ogre mage.

Vanquished Creatures
  Vashnia (Snake:3)
  Nikola (Snake:3)
  Jorgrun (Elf:1)
  Rupert (Lair:4)
  A lich (Depths:2)
  A kraken (Shoals:2)
  Gastronok (Lair:2)
  The ghost of vinnietd the Tortoise, an adept HaFi of Trog (Snake:2)
  Donald (Snake:1)
  7 nagarajas
  The ghost of Hurgheiju the Champion of Chaos, a journeyman DDMo of Makhleb (Snake:2)
  An orc warlord (Orc:1)
  A frost giant (Depths:2)
  Aizul (Snake:2)
  A reaper (Depths:2)
  3 very ugly things (Depths:2)
  A stone giant (Depths:1)
  A minotaur (Gauntlet)
  A spark wasp (Depths:2)
  4 fire dragons
  A deep elf death mage (Elf:1)
  A blizzard demon (Gauntlet)
  A fire dragon (shapeshifter) (Elf:1)
  5 merfolk javelineers
  An ogre mage (D:15)
  10 merfolk impalers
  A great orb of eyes (Depths:1)
  3 vault guards (D:13)
  A rakshasa (Depths:2)
  An ice dragon (D:15)
  5 hydras
  13 naga warriors
  4 anacondas
  An alligator snapping turtle (Shoals:4)
  7 merfolk avatars
  A catoblepas (Lair:3)
  22 dancing weapons
  4 merfolk aquamancers
  4 centaur warriors
  9 two-headed ogres
  2 satyrs (Shoals:4)
  3 deep troll earth magi (Depths:2)
  6 orc high priests
  A deep troll shaman (Depths:1)
  9 shock serpents
  15 naga sharpshooters
  Urug (Lair:1)
  20 deep elf knights
  3 deep trolls (Depths:1)
  A salamander mystic (Snake:2)
  6 hell knights (Depths:1)
  4 unseen horrors
  17 sea snakes
  A deep troll (shapeshifter) (D:15)
  3 naga ritualists
  A lindwurm (Lair:3)
  A wizard (D:13)
  13 deep elf archers
  2 necromancers
  7 orc knights
  2 orc sorcerers (Orc:1)
  22 harpies
  43 deep elf magi
  12 salamanders
  A faun (Shoals:3)
  15 manticores
  A wolf spider zombie (D:13)
  14 mana vipers
  Pikel (D:5)
  13 slime creatures
  7 ugly things
  2 cyclopes
  15 elephants
  6 merfolk sirens
  28 black mambas
  5 guardian serpents
  3 centaur zombies
  15 naga magi
  Maggie (Lair:1)
  4 water nymphs
  11 spiny frogs
  2 ice statues
  5 rime drakes
  A redback zombie (D:14)
  A kobold demonologist (D:14)
  10 komodo dragons
  2 tengu conjurers
  A hellwing (Depths:2)
  A red devil (Depths:2)
  3 meliai (D:14)
  4 polar bears (Lair:6)
  4 wind drakes
  5 trolls
  2 hornets
  17 snapping turtles
  5 dream sheep
  23 merfolk
  7 blink frogs
  9 hippogriffs
  A raiju (Gauntlet)
  2 shadows
  5 air elementals
  A wraith (D:15)
  9 water elementals
  Sigmund (D:5)
  5 wyverns
  29 yaks
  A vampire (D:13)
  3 basilisks
  3 fire elementals
  19 humans (D:13)
  3 hungry ghosts
  A steam dragon (Gauntlet)
  A chaos spawn (Depths:2)
  54 nagas
  A warg (Orc:1)
  9 water moccasins
  An acid dragon (D:15)
  4 porcupines
  Duvessa (D:4)
  A sky beast (Shoals:2)
  56 orc warriors
  An ice beast (D:11)
  2 phantoms (D:6)
  4 black bears
  32 wolves
  13 ogres
  22 centaurs
  15 crocodiles
  2 big kobolds
  4 elf zombies (Ossuary)
  21 bullfrogs
  Dowan (D:4)
  2 earth elementals
  A wyvern skeleton (D:13)
  A water moccasin skeleton (D:11)
  A scorpion (D:8)
  3 killer bees (D:11)
  5 wights (D:8)
  3 electric eels
  2 howler monkeys (D:13)
  8 crimson imps
  3 jellies
  3 hounds
  36 orc priests
  Crazy Yiuf (D:7)
  9 centaur skeletons
  3 bullfrog skeletons
  4 iguanas
  A human zombie (Ossuary)
  20 orc wizards
  8 worker ants
  A big kobold zombie (Ossuary)
  2 hound zombies (Ossuary)
  3 mummies (Ossuary)
  3 gnolls (D:4)
  13 adders
  A shadow imp (D:13)
  2 white imps (D:14)
  2 ufetubi (D:14)
  An ooze (D:4)
  2 adder zombies (Ossuary)
  2 worms (D:2)
  3 dart slugs
  7 leopard geckos
  129 orcs
  4 giant cockroaches
  3 goblins
  10 hobgoblins
  9 jackals
  4 quokkas
  13 bats
  8 frilled lizards
  3 gnoll zombies (Ossuary)
  3 goblin zombies (Ossuary)
  4 hobgoblin zombies (Ossuary)
  4 jackal zombies (Ossuary)
  16 kobolds
  A kobold zombie (Ossuary)
  2 orc zombies (Ossuary)
  A quokka skeleton (D:4)
  4 quokka zombies
  10 rats
  3 rat zombies (Ossuary)
  16 fungi
  15 plants
  3 tentacles (Shoals:2)
1314 creatures vanquished.

Vanquished Creatures (others)
  A dancing weapon (Elf:1)
  A deep elf mage (Elf:2)
  An adder (D:5)
  3 fungi
  8 plants
  5 tentacles (Shoals:2)
  7 toadstools (Lair:3)
  3 withered plants (Snake:2)
29 creatures vanquished.

Grand Total: 1343 creatures vanquished

Notes
Turn   | Place    | Note
-------+----------+-------------------------------------------
     0 | D:1      | HoaS the Minotaur Berserker began the quest for the Orb.
     0 | D:1      | Reached XP level 1. HP: 19/19 MP: 0/0
   160 | D:1      | Reached skill level 4 in Axes
   216 | D:1      | Reached XP level 2. HP: 27/27 MP: 1/1
   493 | D:1      | Reached XP level 3. HP: 33/33 MP: 2/2
   759 | D:2      | Reached ** piety under Trog
  1063 | D:2      | Reached skill level 5 in Axes
  2108 | D:2      | Reached XP level 4. HP: 38/41 MP: 3/3
  2359 | D:3      | Reached skill level 6 in Axes
  2368 | D:3      | Reached XP level 5. HP: 33/47 MP: 4/4
  2390 | D:3      | Reached skill level 5 in Fighting
  3114 | D:4      | Reached skill level 7 in Axes
  3120 | D:4      | Reached *** piety under Trog
  3120 | D:4      | Reached XP level 6. HP: 50/56 MP: 5/5
  3498 | D:4      | Found an opulent altar of Gozag.
  4110 | D:5      | Entered Level 5 of the Dungeon
  4148 | D:5      | Noticed Duvessa
  4148 | D:5      | Noticed Sigmund
  4149 | D:5      | Noticed Dowan
  4170 | D:4      | Killed Duvessa
  4170 | D:4      | Reached skill level 8 in Axes
  4170 | D:4      | Reached XP level 7. HP: 61/64 MP: 6/6
  4174 | D:4      | Killed Dowan
  4233 | D:5      | Killed Sigmund
  4233 | D:5      | Reached skill level 9 in Axes
  4241 | D:5      | Noticed Pikel
  4250 | D:5      | Killed Pikel
  4250 | D:5      | Reached skill level 10 in Axes
  4250 | D:5      | Reached XP level 8. HP: 57/73 MP: 7/7
  4267 | D:5      | Found a blossoming altar of Fedhas.
  4439 | D:5      | Found a shimmering altar of Xom.
  5615 | D:6      | Reached skill level 11 in Axes
  5676 | D:6      | Found a basalt altar of Yredelemnul.
  6199 | D:7      | Found a staircase to the Ecumenical Temple.
  6298 | D:7      | Reached XP level 9. HP: 67/82 MP: 8/8
  6300 | D:7      | Reached **** piety under Trog
  6424 | D:7      | Found a sand-covered staircase.
  6429 | Ossuary  | Entered an ossuary
  6496 | Ossuary  | Reached skill level 12 in Axes
  6890 | D:7      | Found a shadowy altar of Dithmenos.
  6891 | D:7      | Found a hazy altar of Hepliaklqana.
  6967 | D:7      | Found a runed translucent door.
  6968 | D:7      | Noticed Crazy Yiuf
  6975 | D:7      | Killed Crazy Yiuf
  7179 | D:8      | Reached ***** piety under Trog
  7179 | D:8      | Reached skill level 13 in Axes
  7302 | D:8      | Reached skill level 10 in Fighting
  7309 | D:8      | Found an iron altar of Okawaru.
  7330 | D:8      | Found Lotaffai's Distillery.
  7570 | D:8      | Found a sparkling altar of Nemelex Xobeh.
  7578 | D:8      | Found a stormy altar of Qazlal.
  7578 | D:8      | Found a radiant altar of Vehumet.
  7578 | D:8      | Found a glowing silver altar of Zin.
  7582 | D:8      | Found an ornate altar of the Wu Jian Council.
  7869 | D:8      | Reached XP level 10. HP: 66/94 MP: 9/9
  7875 | D:8      | Reached skill level 14 in Axes
  8153 | D:9      | Found an iron altar of Okawaru.
  8178 | D:9      | Got a spiked cloak
  8189 | D:9      | Identified the +2 cloak of Remeob {Dex+6} (You found it on
                  | level 9 of the Dungeon)
  8267 | D:9      | Found Woabbet's Armour Shop.
  8455 | D:9      | Received a gift from Trog
  8477 | D:9      | Found a staircase to the Lair.
  8770 | D:10     | Entered Level 10 of the Dungeon
  9051 | D:10     | Noticed a two-headed ogre
  9054 | D:10     | Reached skill level 15 in Axes
  9061 | D:10     | Killed a two-headed ogre
  9488 | Lair:1   | Entered Level 1 of the Lair of Beasts
  9490 | Lair:1   | Noticed a black mamba
  9503 | D:9      | Reached XP level 11. HP: 79/104 MP: 10/10
  9639 | D:9      | Reached skill level 16 in Axes
 10458 | Lair:1   | Noticed Urug
 10470 | Lair:1   | Killed Urug
 10595 | Lair:1   | Found a hazy altar of Hepliaklqana.
 10760 | Lair:1   | Noticed Maggie
 10773 | Lair:1   | Killed Maggie
 10773 | Lair:1   | Reached skill level 17 in Axes
 11068 | Lair:2   | Found a gate leading to a gauntlet.
 11072 | Lair:2   | Noticed Gastronok
 11077 | Gauntlet | Entered a Gauntlet
 11077 | Gauntlet | Found a transporter.
 11077 | Gauntlet | Found a transporter.
 11077 | Gauntlet | Noticed a soul eater
 11090 | Gauntlet | Found a transporter.
 11106 | Gauntlet | Found a transporter.
 11106 | Gauntlet | Found a transporter.
 11108 | Gauntlet | Found a transporter.
 11108 | Gauntlet | Found a transporter.
 11110 | Gauntlet | Found a transporter.
 11119 | Gauntlet | Found a transporter.
 11119 | Gauntlet | Noticed a catoblepas
 11132 | Gauntlet | Noticed a blizzard demon
 11135 | Gauntlet | Found a transporter.
 11145 | Gauntlet | Found a transporter.
 11162 | Gauntlet | Found a transporter.
 11199 | Gauntlet | Found a transporter.
 11201 | Gauntlet | Found a runed translucent door.
 11206 | Gauntlet | Found a runed translucent door.
 11210 | Gauntlet | Found a transporter.
 11746 | Gauntlet | Killed a blizzard demon
 11929 | Gauntlet | Got a fine wooden ring
 11940 | Gauntlet | Identified the ring of Orabrad {rPois Str+7} (You found it
                  | in a Gauntlet)
 12082 | Gauntlet | Noticed a minotaur
 12092 | Gauntlet | Killed a minotaur
 12117 | Gauntlet | Got a pitted hat
 12120 | Gauntlet | Got a crude hat
 12125 | Gauntlet | Identified Mokeucimn's Reference Book on the Escort and
                  | Heat
 12355 | Gauntlet | Identified the +0 hat of the Realm of Zot {rElec rCorr}
                  | (You found it in a Gauntlet)
 12365 | Gauntlet | Identified the +2 hat "Gasuskyihe" {rC++} (You found it in
                  | a Gauntlet)
 12384 | Lair:2   | Killed Gastronok
 12384 | Lair:2   | Reached skill level 18 in Axes
 12384 | Lair:2   | Reached XP level 12. HP: 94/116 MP: 11/11
 12811 | Lair:2   | Received a gift from Trog
 12823 | Lair:2   | Found a staircase to the Shoals.
 13097 | Lair:3   | Noticed a four-headed hydra
 13357 | Lair:3   | Noticed a catoblepas
 13378 | Lair:3   | Found a runed translucent door.
 13474 | Lair:3   | Killed a four-headed hydra
 13595 | Lair:3   | Found a staircase to the Snake Pit.
 13606 | Lair:3   | Identified a scroll of acquirement
 13712 | Lair:3   | You fall into a shaft and drop 2 floors!
 13752 | Lair:4   | Noticed Rupert
 13754 | Lair:4   | Paralysed by Rupert for 6 turns
 13773 | Lair:4   | Killed Rupert
 14104 | Lair:4   | Reached skill level 15 in Fighting
 14126 | Lair:4   | Reached skill level 5 in Dodging
 14468 | Lair:4   | Reached skill level 5 in Armour
 14937 | Lair:4   | Reached XP level 13. HP: 127/127 MP: 12/12
 15987 | Lair:5   | Reached skill level 19 in Axes
 16577 | Lair:6   | Entered Level 6 of the Lair of Beasts
 16838 | Lair:6   | Received a gift from Trog
 17039 | Lair:6   | Found a staircase to the Slime Pits.
 18313 | D:11     | Reached XP level 14. HP: 133/138 MP: 13/13
 18396 | D:11     | Reached skill level 20 in Axes
 18440 | D:11     | Found a staircase to the Orcish Mines.
 18493 | D:11     | Received a gift from Trog
 18493 | D:11     | Reached skill level 10 in Dodging
 18851 | D:11     | Found a flagged portal.
 18867 | Bailey   | Entered a bailey
 19150 | Bailey   | Found the +10 morningstar "Eos" {elec, Halo rElec}
 19151 | Bailey   | Found the +8 frozen axe "Frostbite" {freezing cloud, *Noise
                  | +Fly rC+}
 20360 | D:13     | Found Luschiw's Book Shop.
 20390 | D:13     | Received a gift from Trog
 20987 | D:13     | You fall into a shaft and drop 1 floor!
 21043 | D:14     | You fall into a shaft and drop 1 floor!
 21043 | D:15     | Entered Level 15 of the Dungeon
 21206 | D:15     | Found a staircase to the Depths.
 21314 | D:13     | Received a gift from Trog
 21332 | D:13     | Reached skill level 21 in Axes
 21527 | D:13     | Found a gate to the Vaults.
 21533 | D:13     | Reached skill level 10 in Armour
 21540 | D:13     | Reached XP level 15. HP: 123/149 MP: 14/14
 22402 | D:14     | Reached ****** piety under Trog
 22402 | D:14     | Received a gift from Trog
 23188 | Orc:1    | Entered Level 1 of the Orcish Mines
 23202 | Orc:1    | You fall into a shaft and drop 1 floor!
 23202 | Orc:2    | Entered Level 2 of the Orcish Mines
 23449 | Orc:1    | Identified the cursed +1 chain mail of the Hart {Dex+2}
 23453 | Orc:1    | Noticed an orc warlord
 23470 | Orc:1    | Killed an orc warlord
 23485 | Orc:1    | Received a gift from Trog
 24021 | Orc:2    | Reached skill level 22 in Axes
 24353 | Orc:2    | Received a gift from Trog
 24404 | Orc:2    | Found Hitiga's Jewellery Shoppe.
 24407 | Orc:2    | Found Gautwa's General Store.
 24408 | Orc:2    | Found Geroogg's Distillery.
 24409 | Orc:2    | Found Mopushra's Food Emporium.
 24416 | Orc:2    | Bought the ring of Robustness {AC+8} for 1920 gold pieces
 24416 | Orc:2    | Found the ring of Robustness {AC+8}
 24500 | Orc:2    | Found a staircase to the Elven Halls.
 24774 | Orc:2    | Found a roughly hewn altar of Beogh.
 25232 | Shoals:1 | Entered Level 1 of the Shoals
 25834 | Shoals:1 | Reached XP level 16. HP: 113/159 MP: 15/15
 26396 | Shoals:2 | Noticed a kraken
 26558 | Shoals:2 | Killed a kraken
 26558 | Shoals:2 | Reached skill level 15 in Dodging
 27151 | Shoals:3 | Received a gift from Trog
 27247 | Shoals:3 | Found Feluomy's Assorted Antiques.
 27283 | Shoals:3 | Bought a scroll of blinking for 225 gold pieces
 27283 | Shoals:3 | Bought a scroll of enchant armour for 225 gold pieces
 27343 | Shoals:4 | Entered Level 4 of the Shoals
 27400 | Shoals:4 | Reached skill level 23 in Axes
 27761 | Shoals:4 | Found Igijurey's General Store.
 27918 | Shoals:4 | Received a gift from Trog
 27959 | Shoals:4 | Reached XP level 17. HP: 42/171 MP: 16/16
 28323 | Shoals:4 | Got a warped sapphire amulet
 28325 | Shoals:4 | Identified the amulet of Usaqazui {Regen+ Str+3} (You found
                  | it on level 4 of the Shoals)
 28363 | Shoals:4 | Got a barnacled rune of Zot
 28665 | Snake:1  | Entered Level 1 of the Snake Pit
 28744 | Snake:1  | Noticed Donald
 28756 | Snake:1  | Killed Donald
 28853 | Snake:1  | Found an iron altar of Okawaru.
 29494 | Snake:1  | Found Heut's Assorted Antiques.
 29504 | Snake:1  | Bought a scroll of enchant armour for 225 gold pieces
 29504 | Snake:1  | Bought a pair of masterwork boots for 285 gold pieces
 29515 | Snake:1  | Identified the cursed +0 pair of boots of Entitlement {rC+
                  | rCorr} (You bought it in a shop on level 1 of the Snake
                  | Pit)
 29953 | Snake:2  | Noticed Aizul
 29961 | Snake:2  | Killed Aizul
 30145 | Snake:2  | Reached skill level 15 in Armour
 30158 | Snake:2  | Found Pumezx Suhie's Antique Weapon Shop.
 30493 | Snake:2  | Found a runed translucent gate.
 30493 | Snake:2  | Found a runed translucent gate.
 30493 | Snake:2  | Found a runed translucent gate.
 30494 | Snake:2  | Noticed Hurgheiju's ghost (journeyman DDMo)
 30494 | Snake:2  | Noticed vinnietd's ghost (adept HaFi)
 30651 | Snake:2  | Killed vinnietd's ghost
 30661 | Snake:2  | Killed Hurgheiju's ghost
 30661 | Snake:2  | Received a gift from Trog
 30710 | Snake:3  | Noticed Nikola
 30721 | Snake:3  | Killed Nikola
 30778 | Snake:3  | Reached skill level 24 in Axes
 30868 | Snake:3  | Noticed Vashnia
 31454 | Snake:3  | Killed Vashnia
 31626 | Snake:3  | Reached XP level 18. HP: 139/182 MP: 17/17
 31627 | Snake:3  | Received a gift from Trog
 31719 | Snake:3  | Found Ewetsuuw's Antique Armour Boutique.
 31977 | Snake:4  | Entered Level 4 of the Snake Pit
 32510 | Snake:4  | Found a gateway to a bazaar.
 32532 | Bazaar   | Entered a bazaar
 32536 | Bazaar   | Found Tepoc's Antique Weapon Shop.
 32583 | Bazaar   | Found Vearedyf's Book Boutique.
 32593 | Bazaar   | Found Mamomemp's Distillery.
 32607 | Bazaar   | Found Quegil's Book Boutique.
 32623 | Bazaar   | Found Afout's Jewellery Shoppe.
 32646 | Bazaar   | Bought a +4 ring of slaying for 936 gold pieces
 33305 | Snake:4  | Received a gift from Trog
 33481 | Snake:4  | Got a serpentine rune of Zot
 34259 | Elf:1    | Entered Level 1 of the Elven Halls
 34479 | Elf:1    | Found Zeilayg's General Store.
 34493 | Elf:1    | Bought a scroll of enchant armour for 97 gold pieces
 34739 | Elf:1    | Received a gift from Trog
 34817 | Elf:1    | Noticed Jorgrun
 34823 | Elf:1    | Killed Jorgrun
 34900 | Elf:1    | Found a portal to a secret trove of treasure.
 35052 | Orc:2    | Bought a potion of curing for 39 gold pieces
 35230 | Elf:1    | You paid a toll of 17 potions of curing to enter a treasure
                  | trove
 35231 | Trove    | Entered a treasure trove
 35476 | Elf:1    | Reached skill level 25 in Axes
 35842 | Elf:2    | Found a runed translucent gate.
 35842 | Elf:2    | Found a runed translucent gate.
 35842 | Elf:2    | Found a runed translucent gate.
 35886 | Elf:2    | Received a gift from Trog
 35896 | Elf:2    | Reached XP level 19. HP: 188/193 MP: 18/18
 37009 | Depths:1 | Entered Level 1 of the Depths
 37009 | Depths:1 | Found Guozxas's Antique Weapon Emporium.
 37112 | Depths:1 | Received a gift from Trog
 37197 | Depths:1 | You fall into a shaft and drop 1 floor!
 37199 | Depths:2 | Reached XP level 20. HP: 166/203 MP: 19/19
 37230 | Depths:2 | Noticed a juggernaut
 37234 | Depths:2 | Found a one-way gate leading to the halls of Pandemonium.
 37273 | Depths:2 | HP: 9/204 [frost giant/bolt of cold (11)]
 37273 | Depths:2 | Killed from afar by a sphinx

Illustrated notes

Levels and vault maps discovered:
D:1:      dpeg_arrival_arbitrary_a, layout_basic, corner_web_ring, minivault_27
D:2:      layout_basic
D:3:      layout_rooms
D:4:      layout_gridville, nicolae_gozag_seed_capital, first_ration
D:5:      layout_basic, led_xom_imps, fedhas_altar_2, uniq_duvessa, uniq_pikel,
          uniq_sigmund
D:6:      layout_basic, kennysheep_little_box
D:7:      layout_rooms, riverfiend_overflow_shadow_ancestor,
          minmay_temple_entry_nine_rooms, enter_ossuary_2,
          uniq_crazy_yiuf_cottage
D:8:      layout_loops_ring, minitemple, serial_shops, shop, blue_anna_alchemist
          [blue_anna_fruit_fields, blue_anna_fruit_fields],
          okawaru_ov_weapons_minmay
D:9:      layout_long_grid, old_standard_altar, grunt_lair_entry_orc_guard_hut,
          serial_shops, nicolae_shop_trees
D:10:     layout_roguey, hangedman_glass_teeth, palyth_stone_intersect
D:11:     layout_roguey, orc_0_dummy, enter_bailey_6
D:12:     layout_grid_maze
D:13:     layout_basic, grunt_vaults_entry_tiered, serial_shops,
          nicolae_shop_waterfront, nicolae_benzene_ring
D:14:     layout_loops_ring, roderic_lattice_a, serial_ice, serial_ice_a,
          serial_ice_b, serial_ice_d, serial_ice_h, nicolae_twisting_strands
D:15:     grunt_enter_depths_hoard, layout_loops_ring
Lair:1:   layout_gridlike, basic_altar, grunt_forest_large_clearings,
          uniq_maggie, uniq_urug
Lair:2:   wander_river, layout_regular_city, elwin_shoals_entry_rooms,
          gauntlet_entry_generic, uniq_gastronok
Lair:3:   gammafunk_lair_enchanted_lake, layout_cave_pods,
          guppyfry_snake_entry_island, fungi_pond_lemuel, grunt_megastairs_5
Lair:4:   layout_layer_cave, grunt_megastairs_4, lemuel_fruit_tree, uniq_rupert
Lair:5:   layout_gridlike
Lair:6:   gammafunk_lair_ancient_temple, layout_gridlike,
          minmay_slime_entry_pillars, serial_bayou_shore_a
Shoals:1: nicolae_shoals_island_circles, layout_shoals
Shoals:2: layout_shoals, nicolae_shoals_siren_and_animal_friends
Shoals:3: layout_shoals, serial_shops,
          nicolae_shop_temple_entry_statues_fountains
Shoals:4: shoals_end_hangedman, layout_shoals, serial_shops, nicolae_shop_trees
Snake:1:  layout_layer_cave, basic_altar, serial_shops, shop, uniq_donald
Snake:2:  layout_layer_cave, serial_shops, nicolae_shop_waterfront,
          gammafunk_ghost_cemetery, uniq_aizul
Snake:3:  layout_grid_shapes, serial_shops, shop_statue, uniq_vashnia,
          uniq_nikola
Snake:4:  minmay_snake_end_coiled, layout_rooms, serial_shops, statue_bzr,
          hangedman_snake_wide_pillar_pass
Orc:1:    layout_caves, portal_ice_cave_entry_pillars_2, elf_legates
Orc:2:    st_orc_pillars, layout_caves, mines2_david
Elf:1:    minmay_elf_arrival_summoners, layout_geoelf_octagon, enter_trove_3,
          serial_shops, nicolae_shop_crystal, evilmike_minifort, uniq_jorgrun
Elf:2:    layout_geoelf_grid
Depths:1: layout_forbidden_donut, serial_shops, nicolae_shop_behind_doors,
          nicolae_shop_waterfront, nicolae_shop_overgrown_old_shop,
          serial_glass, glass_columns_c, glass_columns_b, hex_medium,
          hell_entry, lemuel_old_faithful, grunt_megastairs_3
Depths:2: minmay_complete_graph, layout_basic, enter_ziggurat_f, minivault_14,
          rand_demon_pan_entry_5, hell_entry, minivault_11,
          nicolae_alphabet_shops, minmay_staircase_bubble

Skill      XL: |  1  2  3  4  5  6  7  8  9 10 11 12 13 14 15 16 17 18 19 |
---------------+----------------------------------------------------------+-----
Axes           | 4 5 6 7 8 10 11 13 15 18 19 21 22 23 24 25 | 25.7
Fighting       | 4 5 6 7 8 10 12 13 15 16 18 20 21 22 23 | 23.3
Armour         | 5 7 10 11 14 15 17 18 | 18.2
Dodging        | 6 9 12 14 15 16 17 | 17.4

Action                   |  1- 3 |  4- 6 |  7- 9 | 10-12 | 13-15 | 16-18 | 19-21 || total
-------------------------+-------+-------+-------+-------+-------+-------+-------++-------
Melee: Hand axe          |    88 |   159 |    72 |       |       |       |       ||   319
       Headbutt          |    13 |    31 |    70 |   125 |   234 |   206 |    43 ||   722
       War axe           |       |       |   257 |    55 |       |       |       ||   312
       Broad axe         |       |       |       |   247 |       |       |       ||   247
       Executioner's axe |       |       |       |    96 |   894 |   847 |   159 ||  1996
       Morningstar       |       |       |       |     5 |    17 |       |       ||    22
Invok: Trog's Hand       |       |     2 |     1 |     1 |       |     1 |       ||     5
       Berserk           |       |       |     1 |     2 |     1 |       |       ||     4
Evoke: Wand              |       |       |       |     2 |    32 |    11 |       ||    45
  Use: Scroll            |       |    10 |     7 |    19 |    12 |     7 |     3 ||    58
       Potion            |       |       |       |     1 |       |     2 |     4 ||     7
 Stab: Sleeping          |     1 |       |       |       |       |       |       ||     1
       Petrified         |       |       |       |       |     3 |       |       ||     3
  Eat: Chunk             |     2 |     8 |    10 |    22 |    37 |    27 |     4 ||   110
       Ration            |       |       |     2 |     1 |       |     2 |       ||     5
Armor: Animal skin       |    10 |     6 |       |       |       |       |       ||    16
       Leather armour    |       |     2 |       |       |       |       |       ||     2
       Scale mail        |       |    45 |     1 |       |       |       |       ||    46
       Chain mail        |       |       |   112 |    21 |       |       |       ||   133
       Plate armour      |       |       |       |   170 |   514 |   402 |       ||  1086
       Crystal plate arm |       |       |       |       |       |   110 |    89 ||   199
Dodge: Dodged            |    42 |   100 |   155 |   212 |   879 |   878 |   122 ||  2388
